Map: Deathaura LE

Players

Prøject

  • Race: Terran Terran
  • League: Master
  • Spawn Location: 11:00

zuka - Winner!

  • Race: Protoss Protoss
  • League: Master
  • Spawn Location: 5:00

VOD

Have the link to the VOD?

Description

Time

  • Played on: Sept. 13, 2020, 5:31 p.m.
  • Length: 7:07
Show
View Real Time Build Order
Export as new Build Order

Prøject Terran 

Build Orders: Reaper Expand 

Get SALT Encoding   

  12  0:00  SCV  
  13  0:12  SCV  
  14  0:17  Supply Depot  
  14  0:30  SCV  
  15  0:40  Barracks  
  15  0:43  SCV  
  15  0:45  Refinery  
  16  0:55  SCV  
  17  1:07  SCV  
  18  1:19  SCV  
  19  1:30  Reaper  
  19  1:31  Orbital Command  
  20  1:41  Command Center  
  20  1:50  Supply Depot  
  20  1:56  SCV  
  21  2:02  Marine  
  22  2:08  SCV  
  23  2:20  Bunker, SCV  
  23  2:22  Marine  
  25  2:30  Factory  
  25  2:32  SCV  
  26  2:42  Engineering Bay  
  26  2:45  SCV  
  26  2:49  Marine  
  28  2:54  Bunker  
  28  2:55  SCV  
  28  2:57  SCV  
  30  3:07  Marine  
  30  3:08  Orbital Command  
  30  3:12  Missile Turret  
  31  3:14  Missile Turret, Factory Tech Lab  
  31  3:18  SCV  
  32  3:25  Marine  
  32  3:33  Cyclone  
  34  3:36  SCV  
  32  3:43  Marine  
  32  3:45  SCV  
  32  3:58  Missile Turret  
  32  4:02  Orbital Command, SCV  
  31  4:14  Cyclone  
  31  4:16  SCV  
  35  4:18  Marine  
  35  4:22  Refinery  
  36  4:30  SCV  
  37  4:33  Orbital Command  
  37  4:48  Barracks Reactor  
  37  4:55  SCV  
  37  4:57  Starport  
  38  5:05  SCV  
  39  5:10  Bunker, Factory Tech Lab, SCV, Barracks  
  40  5:18  SCV  
  41  5:22  SCV  
  41  5:26  Marine x2  
  44  5:30  SCV  
  45  5:37  SCV  
  45  5:38  Barracks  
  46  5:47  Refinery  
  46  5:48  Factory Reactor, Supply Depot, SCV  
  46  5:49  SCV  
  48  5:52  Marine x2  
  48  5:53  Raven  
  52  6:00  SCV  
  52  6:01  SCV  
  54  6:12  Refinery, SCV  
  54  6:13  Marine x3  
  54  6:14  SCV  
  59  6:24  SCV  
  59  6:25  Supply Depot  
  60  6:26  SCV  
  60  6:30  Marine  
  62  6:38  Supply Depot  
  62  6:40  Marine x2  
  62  6:41  SCV x2  
  62  6:42  Marauder  
  58  6:48  Marine  
  58  6:53  SCV  
  58  6:54  SCV  
Show
View Real Time Build Order
Export as new Build Order

zuka Protoss - Winner!

Build Orders:  

Get SALT Encoding   

  12  0:08  Pylon  
  12  0:13  Probe  
  13  0:27  Gateway  
  13  0:30  Probe (Chrono Boost)  
  14  0:41  Probe (Chrono Boost)  
  14  0:42  Assimilator  
  15  0:46  Probe (Chrono Boost)  
  15  0:49  Assimilator  
  16  0:56  Probe  
  17  1:08  Probe  
  18  1:14  Cybernetics Core  
  18  1:20  Probe  
  19  1:26  Pylon  
  20  1:32  Probe  
  20  1:45  Probe  
  21  1:50  Stargate, Adept (Chrono Boost)  
  23  1:56  Warp Gate  
  23  2:00  Probe  
  24  2:14  Pylon  
  23  2:17  Stalker  
  25  2:31  Void Ray (Chrono Boost)  
  25  2:36  Pylon  
  25  2:41  Probe  
  29  3:06  Nexus  
  29  3:09  Probe  
  30  3:22  Probe  
  31  3:27  Twilight Council  
  31  3:34  Probe (Chrono Boost)  
  32  3:46  Probe (Chrono Boost)  
  32  3:47  Robotics Facility  
  33  3:52  Probe (Chrono Boost)  
  34  4:01  Probe  
  35  4:06  Void Ray  
  35  4:08  Charge  
  39  4:17  Probe  
  39  4:18  Pylon  
  39  4:22  Probe  
  41  4:29  Probe  
  42  4:31  Immortal (Chrono Boost)  
  42  4:37  Probe  
  47  4:42  Probe  
  48  4:49  Probe, Pylon  
  49  4:54  Probe  
  49  4:55  Gateway  
  50  5:01  Gateway  
  50  5:03  Probe  
  51  5:12  Warp Prism  
  53  5:19  Pylon  
  53  5:25  Gateway  
  53  5:27  Gateway  
  53  5:34  Gateway  
  53  5:38  Sentry  
  55  5:43  Pylon  
  55  5:50  Zealot  
  55  5:52  Gateway  
  55  5:57  Zealot  
  59  5:58  Observer (Chrono Boost)  
  59  6:02  Pylon  
  60  6:20  Zealot x4  
  60  6:23  Zealot  
  68  6:44  Zealot x4  
  68  6:45  Zealot x2  
  64  6:55  Zealot  
Tags
 
Add a new tag
Caveats
  • Supply blocks, unpowered buildings, or Contaminate may cause inaccurate times.
  • Supply counts are checked every 10 seconds.